 Dungeon Crawl Stone Soup version 0.29-a0-872-g797fff5ad1 (webtiles) character file.

Game seed: 5433417892155453893

16 SkeletonJelly the Trooper (level 2, -1/24 HPs)
             Began as a Demonspawn Fighter on July 18, 2022.
             Succumbed to an adder's poison
             ... on level 2 of the Dungeon.
             The game lasted 00:00:57 (816 turns).

SkeletonJelly the Trooper (Demonspawn Fighter)       Turns: 816, Time: 00:00:58

Health: -1/24      AC:  6    Str: 16    XL:     2   Next: 37%
Magic:  2/2        EV:  8    Int: 15    God:
Gold:   50         SH:  4    Dex: 12    Spells: 1/1 levels left

rFire   . . .      SeeInvis .   a - +0 long sword
rCold   . . .      Faith    .   c - +0 buckler
rNeg    . . .      Spirit   .   b - +0 scale mail
rPois   .          Reflect  .   (no helmet)
rElec   .          Harm     .   (no cloak)
rCorr   .          Rampage  .   (no gloves)
Will    .....                   (no boots)
Stlth   ..........              (no amulet)
HPRegen 0.08/turn               f - +6 ring of intelligence
MPRegen 0.08/turn               (no ring)

@: lethally poisoned (-1 -> -6)
A: demonic magic 1
a: no special abilities


You were on level 2 of the Dungeon.
You visited 1 branch of the dungeon, and saw 2 of its levels.

You collected 50 gold pieces.

Inventory:

Hand Weapons
 a - a +0 long sword (weapon)
Armour
 b - a +0 scale mail (worn)
 c - a +0 buckler (worn)
Jewellery
 f - a +6 ring of intelligence (left hand)
Scrolls
 e - 2 scrolls of vulnerability {unknown}
 g - a scroll of identify {unknown}
Potions
 d - a potion of might
 h - a potion of mutation {unknown}
 i - a potion of brilliance {unknown}


   Skills:
 + Level 3.2 Fighting
 * Level 2.5 Long Blades
 - Level 2.6 Armour
 - Level 2.6 Shields


You had one spell level left.
You didn't know any spells.
Your spell library was empty.

Dungeon Overview and Level Annotations

Branches:
Dungeon (2/15)

Altars:


Innate Abilities, Weirdness & Mutations

Spells you cast may paralyse adjacent enemies.


Message History

Done exploring.
Done exploring.
Done exploring.
Done exploring.
Done exploring.
Search for what [? for help]? .
You see here a bat skeleton.
You see here a +0 club.
You see here a +0 dagger.
There is a stone staircase leading down here.
Search for what [Enter for "."]? .
You climb downwards.
Found a mace and a hand axe.
There is a stone staircase leading up here.
Unknown command.
You see here a +0 mace.
Found a stone staircase leading down.
There is a stone staircase leading down here.
An adder comes into view.
The adder hisses angrily.
An adder is nearby!
You barely miss the adder. The adder bites you but does no damage.
The adder bites you.
You take 3 damage, and have 21/24 hp.
You barely miss the adder. The adder barely misses you. x2
You closely miss the adder. The adder bites you.
You are poisoned.
The adder poisons you! The adder bites you.
You are more poisoned.
The adder poisons you!
You take 4 damage, and have 17/24 hp.
You miss the adder.
You feel very sick. The adder bites you but does no damage.
You take 3 damage, and have 14/24 hp.
You hit the adder.
The adder is heavily wounded.
You feel sick. You block the adder's attack. The adder bites you.
You take 5 damage, and have 9/24 hp.
MASSIVE DAMAGE!!
You are too injured to fight recklessly!
You are too injured to fight recklessly!
You are too injured to fight recklessly!
You are too injured to fight recklessly!
You are too injured to fight recklessly!
You are too injured to fight recklessly!
You are too injured to fight recklessly!
You are too injured to fight recklessly!
You are too injured to fight recklessly!
You are too injured to fight recklessly!
You are too injured to fight recklessly!
You are too injured to fight recklessly!
You are too injured to fight recklessly!
You are too injured to fight recklessly!
You are too injured to fight recklessly!
You are too injured to fight recklessly!
You are too injured to fight recklessly!
You are too injured to fight recklessly!
You are too injured to fight recklessly!
You are too injured to fight recklessly!
You are too injured to fight recklessly!
You are too injured to fight recklessly!
You are too injured to fight recklessly!
You are too injured to fight recklessly!
You are too injured to fight recklessly!
You are too injured to fight recklessly!
You are too injured to fight recklessly!
You are too injured to fight recklessly!
You are too injured to fight recklessly!
You are too injured to fight recklessly!
You are too injured to fight recklessly!
You are too injured to fight recklessly!
You hit the adder but do no damage.
The adder is heavily wounded.
You feel sick. The adder bites you but does no damage.
The adder closely misses you.
You take 1 damage, and have 8/24 hp.
You barely miss the adder.
The adder is moderately wounded.
You feel sick. The adder barely misses you.
You take 2 damage, and have 6/24 hp.
You barely miss the adder.
The adder is moderately wounded.
You feel sick. The adder closely misses you. x2
You closely miss the adder.
The adder is moderately wounded.
You feel sick.
You are no longer poisoned.
The adder bites you.
* * * LOW HITPOINT WARNING * * *
You are lethally poisoned!
The adder poisons you! The adder bites you but does no damage.
You take 3 damage, and have 3/24 hp.
You hit the adder.
The adder is moderately wounded.
* * * LOW HITPOINT WARNING * * *
You feel sick. The adder closely misses you.
You take 2 damage, and have 1/24 hp.
You closely miss the adder.
The adder is moderately wounded.
You die...

#### ####...
.#################.##.#.
......S@.............>#.
.###########.#####..#.#.
#...# #....#. #.#.#
#.#.... ##.#)# #.#.###
#....# #...# #..###
##### ##)..# #<#..#


You could see an adder.

Vanquished Creatures
  A ball python (D:1)
  An endoplasm (D:1)
  3 goblins (D:1)
  2 kobolds (D:1)
  4 quokkas (D:1)
  A bat (D:1)
  A frilled lizard (D:1)
13 creatures vanquished.

Notes
Turn   | Place    | Note
-------+----------+-------------------------------------------
     0 | D:1      | SkeletonJelly the Demonspawn Fighter began the quest for
                  | the Orb.
     0 | D:1      | Reached XP level 1. HP: 18/18 MP: 1/1
   272 | D:1      | Gained mutation: Spells you cast may paralyse adjacent
                  | enemies. [demonic ancestry]
   272 | D:1      | Reached XP level 2. HP: 24/24 MP: 2/2
   815 | D:2      | HP: 1/24 [poisoned by an adder]
   816 | D:2      | Succumbed to an adder's poison

Illustrated notes

Levels and vault maps discovered:
D:1:      dpeg_arrival_line_fractal, layout_basic, feat_on_display
D:2:      layout_basic, dreamdust_ecumenical_altar_drowned_temple, serial_shops,
          shop_statue, kennysheep_generic_room_11

Skill      XL: |  1 |
---------------+----+-----
Long Blades    | 2 |  2.5
Fighting       | |  3.2
Armour         | |  2.6
Shields        | |  2.6

Action                   || total
-------------------------++-------
Melee: Long sword        ||    52
Armor: Scale mail        ||    39
Dodge: Dodged            ||    38
Block: Buckler           ||    15

Table legend: (Time is in decaauts)
 A = Elapsed time spent in this place.
 B = Non-inter-level travel time spent in this place.
 C = Inter-level travel time spent in this place.
 D = Time resting spent in this place.
 E = Time spent auto-exploring this place.
 F = Levels seen in this place.
 G = Mean time per level.
                   A        B        C        D        E       F      G
               +--------+--------+--------+--------+--------+-----+--------+
         Total |    832 |    809 |     23 |      0 |    691 |   2 |  416.0 |
       Dungeon |    832 |    809 |     23 |      0 |    691 |   2 |  416.0 |
               +--------+--------+--------+--------+--------+-----+--------+

Top non-repeatable levels by time:
     D:1: 783 daAuts
     D:2: 49 daAuts
